Map: Oxide LE

Players

MTaefamy

  • Race: Protoss Protoss

Pongo - Winner!

  • Race: Terran Terran

VOD

Have the link to the VOD?

Description

Helion

Time

  • Played on: Oct. 2, 2021, 12:10 a.m.
  • Length: 15:16
Show
View Real Time Build Order
Export as new Build Order

MTaefamy Protoss 

Build Orders:  

Get SALT Encoding   

  12  0:01  Probe  
  13  0:14  Probe  
  14  0:26  Probe  
  14  0:27  Pylon  
  15  0:43  Pylon  
  15  0:45  Probe  
  16  0:57  Probe  
  17  1:06  Gateway  
  17  1:09  Probe  
  18  1:12  Assimilator  
  18  1:19  Gateway  
  18  1:21  Probe  
  19  1:29  Pylon  
  19  1:33  Probe  
  20  1:46  Probe  
  21  1:50  Assimilator  
  21  1:59  Zealot  
  23  2:11  Forge  
  23  2:20  Probe  
  24  2:26  Zealot  
  26  2:32  Probe  
  27  2:37  Cybernetics Core  
  27  2:47  Protoss Ground Weapons Level 1  
  27  2:53  Zealot  
  29  3:19  Twilight Council  
  29  3:20  Zealot  
  31  3:27  Pylon  
  31  3:31  Stalker  
  33  3:47  Zealot  
  35  3:51  Twilight Council  
  35  4:01  Stalker  
  37  4:11  Stargate  
  37  4:24  Nexus  
  37  4:26  Probe  
  37  4:31  Stalker  
  40  4:38  Probe  
  40  4:39  Zealot  
  43  4:51  Probe  
  44  4:55  Protoss Ground Armor Level 1  
  44  5:03  Probe  
  44  5:04  Protoss Air Weapons Level 1  
  45  5:11  Pylon  
  45  5:15  Probe  
  46  5:23  Void Ray  
  39  6:02  Zealot  
  37  6:05  Zealot  
  35  6:30  Zealot  
  39  6:32  Zealot  
  20  6:57  Zealot  
  9  7:24  Zealot  
  9  7:26  Void Ray  
  11  7:51  Zealot  
  13  7:52  Zealot  
  13  8:03  Void Ray  
  15  8:18  Zealot  
  17  8:20  Zealot  
  15  8:47  Zealot  
  13  8:56  Zealot  
  13  9:24  Probe  
  14  10:20  Probe  
  12  11:17  Probe  
  13  11:40  Probe  
  14  12:02  Probe  
  15  12:14  Probe  
  16  12:33  Probe  
  17  12:45  Probe  
  18  12:58  Probe  
  19  13:10  Pylon  
  19  13:15  Probe  
  20  13:28  Probe  
  21  13:40  Probe  
  22  13:51  Void Ray  
  22  13:52  Probe  
  27  14:15  Probe  
  28  14:35  Pylon  
Show
View Real Time Build Order
Export as new Build Order

Pongo Terran - Winner!

Build Orders: 2 Factory, Hellion Opening 

Get SALT Encoding   

  12  0:01  SCV  
  13  0:13  SCV  
  14  0:18  Supply Depot  
  14  0:25  SCV  
  15  0:33  Refinery  
  15  0:43  Barracks  
  15  0:54  SCV  
  15  0:55  Supply Depot  
  16  1:06  SCV  
  17  1:15  Refinery  
  18  1:18  SCV  
  18  1:42  Factory  
  18  1:44  Marine  
  19  1:49  Orbital Command  
  19  2:03  Marine  
  20  2:11  Supply Depot  
  20  2:15  SCV  
  21  2:27  SCV  
  21  2:29  Factory, Factory Reactor  
  22  2:32  Marine  
  23  2:39  SCV  
  23  2:42  Supply Depot  
  24  2:50  Marine  
  26  2:51  SCV  
  26  3:05  Hellion x2  
  30  3:11  Armory  
  30  3:15  SCV  
  30  3:17  Factory Tech Lab  
  31  3:35  Hellion x2  
  31  3:36  Marine  
  38  3:41  Hellion  
  38  3:46  Infernal Pre-Igniter  
  38  3:56  Hellion  
  38  4:01  Hellion  
  44  4:03  Hellion  
  44  4:04  Terran Vehicle Weapons Level 1  
  44  4:10  Supply Depot  
  46  4:24  Hellion  
  46  4:32  Supply Depot  
  46  4:36  Hellion  
  46  4:37  Hellion  
  52  4:45  Hellion  
  52  4:55  Supply Depot  
  52  4:58  Hellion x2  
  56  5:06  Smart Servos  
  56  5:13  Hellion  
  58  5:19  Hellion x2  
  44  6:06  Hellion  
  44  6:07  Hellion  
  44  6:08  Hellion  
  48  6:13  Terran Vehicle And Ship Armor Level 1  
  48  6:28  Hellion x2  
  50  6:49  Hellion x2  
  44  7:10  Hellion  
  44  7:11  Hellion  
  44  7:28  Hellion  
  46  7:32  Hellion x2  
  44  7:49  Hellion  
  46  7:53  Hellion x2  
  50  8:07  Terran Vehicle Weapons Level 2  
  50  8:11  Hellion  
  52  8:15  Hellion  
  51  8:32  Hellion x2  
  53  8:36  Hellion  
  49  8:54  Hellion x2  
  51  8:57  Hellion  
  49  9:15  Hellion x2  
  47  9:19  Hellion  
  43  9:36  Hellion  
  43  9:37  Hellion  
  39  9:40  Hellion  
  35  9:55  Command Center  
  35  9:58  Hellion x2  
  39  10:08  Hellion  
  41  10:19  Hellion x2  
  37  11:17  Orbital Command  
  33  11:25  Starport  
  33  11:26  Terran Vehicle Weapons Level 3  
  33  11:48  Hellion x2  
  35  12:09  Hellion x2  
  39  12:22  Hellion  
  41  12:30  Starport Reactor, Hellion  
  41  12:31  Hellion  
  41  12:36  Starport  
  45  12:43  Hellion  
  47  12:52  Hellion x2  
  51  13:05  Hellion  
  53  13:13  Hellion x2  
  53  13:19  Starport Reactor  
  57  13:20  Command Center  
  57  13:21  Viking  
  57  13:22  Viking  
  57  13:26  Hellion  
  63  13:28  Supply Depot  
  63  13:48  Hellion x3  
  69  13:51  Supply Depot  
  69  14:00  Viking x2  
  73  14:05  Viking  
  73  14:09  Hellion  
  79  14:10  Hellion  
  79  14:30  Viking  
  79  14:31  Hellion x2  
  79  14:52  Hellion x2  
Tags
 
Add a new tag
Caveats
  • Supply blocks, unpowered buildings, or Contaminate may cause inaccurate times.
  • Supply counts are checked every 10 seconds.